[Event "Late-Titled-Tuesday-Blitz-February-27-2024"]
[Site "Chess.com"]
[Date "2024.02.27"]
[Round "4"]
[White "Rud_Makarian"]
[Black "Elsa167"]
[Result "1-0"]
[WhiteElo "3096"]
[BlackElo "2901"]
[TimeControl "180+1"]
[EndTime "14:40:05 PST"]
[Termination "Rud_Makarian won on time"]

1. Nf3 d5 2. c4 e6 3. g3 Nf6 4. Bg2 Be7 5. O-O O-O 6. Ne5 c6 7. d4 Nbd7 8. Nc3 Nxe5 9. dxe5 Nd7 10. cxd5 cxd5 11. e4 d4 12. Qxd4 Bc5 13. Qc4 b6 14. Rd1 Qc7 15. Qe2 a5 16. Nb5 Qc6 17. Bf4 Ba6 18.
a4 Be7 19. Rac1 Nc5 20. b3 Rfd8 21. Bf1 Rxd1 22. Qxd1 Rd8 23. Nd6 Bxf1 24. Qxf1 Bxd6 25. exd6 Qxe4 26. Qb5 Qb4 27. Qxb4 axb4 28. Be3 Nxb3 29. Rb1 Na5 30. Bxb6 Ra8 31. Bxa5 Rxa5 32. d7 Ra8 33.
Rc1 1-0

[Event "Late-Titled-Tuesday-Blitz-February-27-2024"]
[Site "Chess.com"]
[Date "2024.02.27"]
[Round "4"]
[White "dawid498"]
[Black "OneTrickPony_82"]
[Result "1-0"]
[WhiteElo "2713"]
[BlackElo "2530"]
[TimeControl "180+1"]
[EndTime "14:40:06 PST"]
[Termination "dawid498 won by resignation"]

1. e4 e5 2. Nc3 Nc6 3. g3 Bc5 4. Bg2 a5 5. d3 Nge7 6. Nge2 d6 7. O-O Be6 8. h3 d5 9. exd5 Nxd5 10. Kh2 O-O 11. Ne4 Be7 12. f4 exf4 13. Nxf4 Nxf4 14. Bxf4 h6 15. c3 Qd7 16. d4 Rad8 17. Qh5 Rfe8 18. Nc5 Bxc5 19. Qxc5 Bd5 20. Qxd5 Qxd5 21. Bxd5 Rxd5 22. Rae1 Rc8 23. Kg2 f6 24. b3 Kf7 25.
g4 Rd7 26. Re4 Re7 27. Kf3 Rxe4 28. Kxe4 Ne7 29. c4 c6 30. Bd2 Ra8 31. a4 b6 32.
h4 Re8 33. Kd3 Nc8 34. g5 hxg5 35. hxg5 Nd6 36. gxf6 gxf6 37. Bf4 Ne4 38. Bc7 b5 39. axb5 cxb5 40. cxb5 Kg6 41. b6 1-0

[Event "Late-Titled-Tuesday-Blitz-February-27-2024"]
[Site "Chess.com"]
[Date "2024.02.27"]
[Round "4"]
[White "elmusmolamas"]
[Black "BabageldiAnnaberdiyev"]
[Result "0-1"]
[WhiteElo "2499"]
[BlackElo "2645"]
[TimeControl "180+1"]
[EndTime "14:40:06 PST"]
[Termination "BabageldiAnnaberdiyev won by resignation"]

1. e4 e6 2. d3 d5 3. Nf3 Nf6 4. Nc3 Nc6 5. Bf4 a6 6. h3 Bb4 7. e5 Nd7 8. d4 h6 9. Bd3 Na5 10. Nd2 c5 11. Qg4 g5 12. Be3 c4 13. Be2 Be7 14. Qh5 Nf8 15. f4 b5 16. O-O Ng6 17.
Rf2 b4 18. Na4 gxf4 19. Bxf4 Bg5 20. Raf1 Bxf4 21. Rxf4 Nxf4 22. Rxf4 Qe7 23. Rf6 Bd7 24. Nc5 Nc6 25. c3 a5 26. Bf3 bxc3 27. bxc3 Rb8 28. Rxh6 Rxh6 29. Qxh6 Rb2 30. Qh8+ Qf8 31. Qxf8+ Kxf8 32. Nxd7+ Ke7 33. Nxc4 dxc4 34. Bxc6 Rc2 35. Nb6 Rxc3 36.
Kf2 Rc2+ 37. Kf3 c3 38. Nc4 Rxa2 39. Be4 a4 40. Ne3 a3 41. Nc2 Rxc2 42. Bxc2 a2 0-1

[Event "Late-Titled-Tuesday-Blitz-February-27-2024"]
[Site "Chess.com"]
[Date "2024.02.27"]
[Round "4"]
[White "Grischuk"]
[Black "Vigg-Sama"]
[Result "1-0"]
[WhiteElo "3039"]
[BlackElo "2251"]
[TimeControl "180+1"]
[EndTime "14:40:09 PST"]
[Termination "Grischuk won by checkmate"]

1. d4 Nf6 2. c4 g6 3. g3 c6 4.
Bg2 d5 5. Qa4 dxc4 6. Qxc4 Bg7 7. Nf3 O-O 8. O-O Bf5 9. Nc3 Nbd7 10. Re1 Rc8 11. e4 Be6 12. Qd3 b5 13. Rd1 Bc4 14. Qc2 b4 15. Ne2 Bb5 16. Nf4 Qc7 17. e5 Nd5 18. e6 Nxf4 19. Bxf4 Qb7 20. exd7 Qxd7 21. Ne5 Bxe5 22. Bxe5 f6 23. Bf4 Rfd8 24. Qc5 a5 25. h4 h5 26. Rac1 Kg7 27. a3 bxa3 28. bxa3 a4 29. Kh2 Kf7 30. Qb4 Qf5 31. d5 g5 32.
Be3 gxh4 33. Qxh4 Be2 34. Re1 Bf3 35. dxc6 Bxg2 36. Kxg2 Qd5+ 37. Kg1 Rxc6 38. Rxc6 Qxc6 39. Qxh5+ Kf8 40. Bh6+ Kg8 41. Qg6+ Kh8 42. Qg7# 1-0

[Event "Late-Titled-Tuesday-Blitz-February-27-2024"]
[Site "Chess.com"]
[Date "2024.02.27"]
[Round "4"]
[White "DonMicheleCorleone"]
[Black "Carlitus2004"]
[Result "1-0"]
[WhiteElo "2530"]
[BlackElo "2381"]
[TimeControl "180+1"]
[EndTime "14:40:09 PST"]
[Termination "DonMicheleCorleone won on time"]

1. e4 Nc6 2. Nf3 d6 3. d4 Nf6 4. Nc3 g6 5. Bb5 Bd7 6. Bxc6 Bxc6 7. d5 Bd7 8. e5 dxe5 9. Nxe5 Bg7 10. O-O O-O 11. Re1 Bf5 12. Bg5 h6 13. Bh4 g5 14.
Bg3 Nd7 15. Qe2 Re8 16. Nb5 a6 17. Nd4 Bh7 18. Rad1 Nf6 19. c4 Nd7 20. Ne6 Qc8 21.
Nxg7 Kxg7 22. Qh5 Nxe5 23. Bxe5+ f6 24. Bc3 Qf5 25. Re6 Bg6 26. Qe2 Bf7 27. Re3 Kf8 28.
Re1 Rac8 29. Rxe7 Rxe7 30. Qxe7+ Kg7 31. Re6 Re8 32. Qxf6+ Qxf6 33. Bxf6+ Kg6 34. Rxe8 Bxe8 35. Be5 b5 36. c5 Bf7 37. d6 cxd6 38. cxd6 Be6 39.
a3 Kf5 40. Bg7 h5 41. f3 Bd7 42. Kf2 Ke6 43. Bf8 Kd5 44. Ke3 Ke5 45. Be7 Kf5 46. Kd4 g4 47. fxg4+ hxg4 48. Kc5 a5 49. Kb6 a4 50.
Kc7 Ke6 51. h4 Be8 52. h5 1-0

[Event "Late-Titled-Tuesday-Blitz-February-27-2024"]
[Site "Chess.com"]
[Date "2024.02.27"]
[Round "4"]
[White "korkmaz16"]
[Black "LUISMIGUELOV"]
[Result "1-0"]
[WhiteElo "2475"]
[BlackElo "2182"]
[TimeControl "180+1"]
[EndTime "14:40:09 PST"]
[Termination "korkmaz16 won on time"]

1. e4 c6 2. d4 d5 3. Nc3 dxe4 4. Nxe4 Bf5 5. Ng3 Bg6 6. h4 h6 7. Nf3 Nd7 8. h5 Bh7 9. Bd3 Bxd3 10. Qxd3 e6 11. Bd2 Ngf6 12. O-O-O Qb6 13. Rhe1 O-O-O 14. Qe2 Bb4 15. c3 Bd6 16. Ne5 Rhf8 17. Nc4 Qc7 18.
Nxd6+ Qxd6 19. Ne4 Nxe4 20. Qxe4 Nf6 21. Qe2 Qd5 22. Bf4 Qxh5 23. f3 Qd5 24. b3 Qa5 25. Kb2 Nd5 26. Bd2 Qc7 27. c4 Nf4 28. Qe4 g5 29. g3 Ng6 30. f4 gxf4 31. gxf4 Ne7 32. Bb4 Rg8 33. Rh1 Nf5 34. d5 Ng3 35. Qe3 Nxh1 36.
Rxh1 cxd5 37. cxd5 Rg2+ 38. Ka3 a5 39. Bc5 Rxd5 40.
Rc1 Kd7 41. f5 Qg3 42. fxe6+ fxe6 43. Qxh6 Rxc5 44. Rxc5 Qd6 45. Qh7+ Ke8 46. Qh5+ 1-0

[Event "Late-Titled-Tuesday-Blitz-February-27-2024"]
[Site "Chess.com"]
[Date "2024.02.27"]
[Round "4"]
[White "pfalcon1949"]
[Black "semchik73"]
[Result "0-1"]
[WhiteElo "1916"]
[BlackElo "2434"]
[TimeControl "180+1"]
[EndTime "14:40:09 PST"]
[Termination "semchik73 won by checkmate"]

1. e4 Nf6 2. e5 Nd5 3. Nc3 e6 4.
Bc4 Nb6 5. Bb3 d6 6. Nf3 Nc6 7. exd6 Bxd6 8. O-O O-O 9. h3 Na5 10. Re1 Nxb3 11. axb3 Bd7 12. Qe2 Bc6 13. d3 Nd5 14. Nxd5 Bxd5 15. Be3 Qf6 16. d4 Qg6 17. c4 Be4 18.
Rac1 Bb4 19. Red1 Rad8 20. Kh2 c5 21. dxc5 Bd3 22. Rxd3 Qxd3 23. Qxd3 Rxd3 24. Nd4 Bxc5 25. Rc3 Rxc3 26. bxc3 a5 27. Bd2 Rd8 28. Be3 e5 29. Nb5 Bxe3 30. fxe3 Rd3 31. e4 f5 32. exf5 e4 33. Kg1 e3 34. Kf1 Rd2 35. g4 Kf7 36. c5 Kf6 37. Nd6 Rf2+ 38. Ke1 Ke5 39. Nxb7 Kf4 40. c6 Kf3 41. c7 Ra2 42. Kd1 e2+ 43. Ke1 Ra1+ 44. Kd2 e1=Q+ 45. Kd3 Qe4+ 46. Kd2 Ra2+ 47.
Kd1 Qb1# 0-1

[Event "Late-Titled-Tuesday-Blitz-February-27-2024"]
[Site "Chess.com"]
[Date "2024.02.27"]
[Round "4"]
[White "lucasmito"]
[Black "rhungaski"]
[Result "1-0"]
[WhiteElo "2849"]
[BlackElo "2594"]
[TimeControl "180+1"]
[EndTime "14:40:10 PST"]
[Termination "lucasmito won on time"]

1. e4 c5 2. Nf3 Nc6 3. Nc3 e5 4. Bc4 d6 5. d3 h6 6. Nd2 Nf6 7. Nf1 Be6 8. Ne3 Be7 9. a3 O-O 10.
Ncd5 Nd7 11. O-O Bg5 12. c3 Kh7 13. g3 Bh3 14. Re1 g6 15. f4 exf4 16. Nxf4 Bxf4 17. gxf4 Qh4 18. Ng2 Bxg2 19. Kxg2 Nf6 20. Rf1 d5 21.
exd5 Ne7 22. Qf3 Nf5 23. Bd2 Rae8 24. Rae1 Ng4 25. h3 Rxe1 26. Rxe1 Nf6 27. b4 cxb4 28. axb4 Nh5 29. d6 1-0

[Event "Late-Titled-Tuesday-Blitz-February-27-2024"]
[Site "Chess.com"]
[Date "2024.02.27"]
[Round "4"]
[White "sotochess"]
[Black "Balla_Tamas"]
[Result "1-0"]
[WhiteElo "2646"]
[BlackElo "2418"]
[TimeControl "180+1"]
[EndTime "14:40:10 PST"]
[Termination "sotochess won by resignation"]

1. e4 c5 2. Nf3 Nc6 3. d4 cxd4 4. Nxd4 e5 5. Nb5 d6 6. c4 Be7 7. Be3 f5 8. exf5 Bxf5 9. Bd3 Be6 10. O-O Nf6 11.
N1c3 a6 12. Na3 O-O 13. Ne4 Rc8 14. Ng5 Qd7 15. Nxe6 Qxe6 16. Re1 Ng4 17. Bb6 Bd8 18. Be4 Kh8 19. Bxd8 Rcxd8 20. Bd5 Qf5 21. f3 Nf6 22. Nc2 Nh5 23. Ne3 Qg5 24. Be4 Nf4 25. g3 Nd4 26.
Kh1 Nh5 27. Nf1 Rf6 28. f4 exf4 29. Qxd4 fxg3 30. Qe3 Qh4 31. Nxg3 Rdf8 32. Nxh5 Qxh5 33. Bg2 Qa5 34. Qc3 h6 1-0

[Event "Late-Titled-Tuesday-Blitz-February-27-2024"]
[Site "Chess.com"]
[Date "2024.02.27"]
[Round "4"]
[White "secretsuperstar7"]
[Black "Sacbutt"]
[Result "0-1"]
[WhiteElo "2501"]
[BlackElo "2342"]
[TimeControl "180+1"]
[EndTime "14:40:16 PST"]
[Termination "Sacbutt won by checkmate"]

1. c4 Nf6 2. Nc3 e6 3. e4 d5 4. e5 Ne4 5. Nxe4 dxe4 6. Qg4 Qd4 7. Nf3 h5 8. Qf4 Qc5 9. Qxe4 Nc6 10. a3 Qa5 11.
Be2 Be7 12. O-O g5 13. d4 g4 14. Ng5 Bxg5 15. Bxg5 f5 16. exf6 Qxg5 17. d5 Nd8 18.
f4 Qxf6 19. dxe6 Qxe6 20. Qc2 Kf7 21. Bd3 Nc6 22. Rae1 Qf6 23. Be4 Bd7 24. Bd5+ Kg7 25.
f5 Rhe8 26. Be6 Rad8 27. Qc1 Re7 28. Kh1 a6 29. h3 gxh3 30. gxh3 Nd4 31. Rg1+ Kh8 32.
Rg6 Qh4 33. Rh6+ Rh7 34. Rxh7+ Kxh7 35. Bxd7 Qxh3+ 36. Kg1 Qg3+ 37. Kh1 Qh3+ 38. Kg1 Rg8+ 39. Kf2 Qf3# 0-1

[Event "Late-Titled-Tuesday-Blitz-February-27-2024"]
[Site "Chess.com"]
[Date "2024.02.27"]
[Round "4"]
[White "NateSolon"]
[Black "EsmeraldasAnderson03"]
[Result "1/2-1/2"]
[WhiteElo "2684"]
[BlackElo "2522"]
[TimeControl "180+1"]
[EndTime "14:40:17 PST"]
[Termination "Game drawn by repetition"]

1. d4 d5 2. Bf4 Nf6 3. e3 e6 4.
Nf3 Bd6 5. Ne5 O-O 6. Nd2 c5 7.
c3 Qc7 8. Bd3 Nbd7 9. Ndf3 b6 10.
O-O Bb7 11. Re1 Ne4 12. Nxd7 Qxd7 13. Bxd6 Qxd6 14. Bxe4 dxe4 15. Ne5 f6 16. Nc4 Qc7 17.
Nd2 Rac8 18. Qg4 f5 19. Qg3 Qxg3 20. hxg3 Ba6 21. a4 Bd3 22. a5 b5 23. Nb3 cxd4 24.
exd4 b4 25. Nc5 bxc3 26. bxc3 Kf7 27. Ra3 Bc4 28. Nd7 Rfd8 29. Ne5+ Kf6 30. Rb1 Ba6 31. f3 exf3 32. gxf3 g5 33. Kf2 h5 34. Rh1 Rh8 35. f4 gxf4 36. gxf4 h4 37. Rh3 Bb7 38. c4 Rcg8 39.
d5 exd5 40. c5 Rc8 41. Rac3 Rh7 42. c6 Ba8 43. Rc5 Ke6 44. Ke3 Kd6 45. Kd4 Bxc6 46.
Rhc3 Rhc7 47. Rh3 Rh7 48. Rhc3 Rhc7 49. Rh3 Rh7 1/2-1/2

[Event "Late-Titled-Tuesday-Blitz-February-27-2024"]
[Site "Chess.com"]
[Date "2024.02.27"]
[Round "4"]
[White "Msb2"]
[Black "CarlosAlbornoz"]
[Result "1-0"]
[WhiteElo "3025"]
[BlackElo "2777"]
[TimeControl "180+1"]
[EndTime "14:40:18 PST"]
[Termination "Msb2 won by resignation"]

1. d4 Nf6 2. c4 e6 3. Nc3 Bb4 4. e3 Bxc3+ 5. bxc3 b6 6. Bd2 Bb7 7. f3 d6 8. Bd3 Nbd7 9. e4 e5 10. Ne2 Nh5 11. O-O O-O 12. g4 Nhf6 13. Ng3 Ne8 14.
g5 f6 15. h4 Qe7 16. Qe2 fxg5 17. Bxg5 Qf7 18. f4 exd4 19. cxd4 h6 20. f5 hxg5 21. hxg5 c5 22. d5 Ne5 23. Kg2 Qe7 24. Qh5 Nxd3 25.
Rf3 g6 26. Qxg6+ Qg7 27. Qe6+ Qf7 28. Rxd3 Qxe6 29. dxe6 Ng7 30. Kh3 Rae8 31. Rxd6 Bxe4 32. Nxe4 Nxf5 33. Rd7 Re7 34. Rxe7 Nxe7 35. Kg4 Kg7 36. Rd1 Nc6 37. Nf6 Rxf6 38. gxf6+ Kxf6 39. Re1 Ke7 40. Kf4 Nd4 41. Re3 Nc6 42. Kf5 Nd4+ 43. Ke5 Nc6+ 44. Kf4 Nd4 45. a3 Nc6 46. Kf5 a6 47. Rh3 Kd6 48. Rd3+ Nd4+ 49. Kf6 1-0

[Event "Late-Titled-Tuesday-Blitz-February-27-2024"]
[Site "Chess.com"]
[Date "2024.02.27"]
[Round "4"]
[White "karinachess1"]
[Black "AryanTari"]
[Result "0-1"]
[WhiteElo "2611"]
[BlackElo "2933"]
[TimeControl "180+1"]
[EndTime "14:40:19 PST"]
[Termination "AryanTari won by checkmate"]

1. d4 d5 2. c4 e6 3. Nc3 a6 4. cxd5 exd5 5. Bf4 Nf6 6. e3 Bd6 7. Bg5 c6 8. Bd3 O-O 9. Nf3 Be6 10. O-O Nbd7 11.
Qc2 h6 12. Bh4 Qb8 13. Bg3 Re8 14. a3 a5 15. Rac1 Bg4 16. Nd2 Bxg3 17. hxg3 Nb6 18.
b4 axb4 19. axb4 Nc8 20. b5 Nd6 21. bxc6 bxc6 22. Na4 h5 23. Rb1 Qc7 24. Rfc1 Bd7 25. Nb6 Ra3 26. Nxd7 Qxd7 27. Nb3 Rc8 28. Nc5 Qg4 29.
Be2 Qg5 30. Bf3 Nf5 31. Qb2 Raa8 32. Qe2 h4 33. gxh4 Nxh4 34. Nd3 Re8 35. Rxc6 Ne4 36. Rbc1 Nd2 37. Ne5 Rxe5 38. dxe5 Ndxf3+ 39. Kf1 Qxg2# 0-1

[Event "Late-Titled-Tuesday-Blitz-February-27-2024"]
[Site "Chess.com"]
[Date "2024.02.27"]
[Round "4"]
[White "KuzubovYuriy"]
[Black "ArtemDyachuk"]
[Result "1/2-1/2"]
[WhiteElo "2942"]
[BlackElo "2699"]
[TimeControl "180+1"]
[EndTime "14:40:20 PST"]
[Termination "Game drawn by agreement"]

1. d4 d5 2. c4 e6 3. Nf3 c6 4. Qc2 Nd7 5. Bf4 Ngf6 6. e3 Be7 7. Bd3 O-O 8. O-O dxc4 9. Qxc4 Nb6 10. Qc2 Nbd5 11. Qe2 Nxf4 12. exf4 c5 13. dxc5 Bxc5 14. Nc3 b6 15. Rad1 Qe7 16. a3 Bb7 17. b4 Bd6 18.
Ne5 a5 19. bxa5 Rxa5 20. Nc4 Rc5 21. Nxd6 Rxc3 22. Qb2 Rc6 23. Nxb7 Qxb7 24. f5 exf5 25. Bxf5 Rc5 26. Bd3 Qc7 27. g3 h6 28. Rfe1 Rd8 29.
Bf1 Rcd5 30. Rxd5 Rxd5 31. Qb4 Qd6 32. Rb1 Qxb4 33. Rxb4 Rd6 34. Kg2 g6 35. Be2 Kg7 36. a4 Nd7 37. h4 Nc5 38. h5 Rd2 39. Kf1 Ra2 40. hxg6 fxg6 41. Rxb6 Rxa4 42. Rc6 Ra5 43. Kg2 h5 44. Bd1 Nd3 45. Bc2 Ne1+ 46. Kh3 Nxc2 47. Rxc2 Kh6 1/2-1/2

[Event "Late-Titled-Tuesday-Blitz-February-27-2024"]
[Site "Chess.com"]
[Date "2024.02.27"]
[Round "4"]
[White "noblerone"]
[Black "SocoLoco"]
[Result "1-0"]
[WhiteElo "2463"]
[BlackElo "2221"]
[TimeControl "180+1"]
[EndTime "14:40:20 PST"]
[Termination "noblerone won on time"]

1. d4 d5 2. c4 Nc6 3. cxd5 Qxd5 4. Nf3 e5 5. Nc3 Bb4 6. Bd2 Bxc3 7. Bxc3 e4 8. Ne5 Nge7 9. e3 Nxe5 10. dxe5 O-O 11.
Qa4 Bd7 12. Qd4 c5 13. Qxd5 Nxd5 14. O-O-O Nxc3 15. Rxd7 Nxa2+ 16. Kb1 Nb4 17. Rxb7 Rfb8 18. Rxb8+ Rxb8 19. Bc4 Kf8 20. Rd1 Ke7 21. f4 a5 22.
Rd6 a4 23. Kc1 f6 24. Re6+ Kd7 25. exf6 Nd3+ 26. Kc2 Rxb2+ 27. Kc3 gxf6 28. Rxf6 Rxg2 29. Bxd3 exd3 30. Kxd3 Rxh2 31. Ra6 h5 32. Rxa4 h4 33. Ra7+ Kc6 34. Rh7 Rh1 35. f5 h3 36. Ke4 h2 37. f6 Rf1 38. Rxh2 Rxf6 39. Ke5 Rd6 40. e4 1-0

[Event "Late-Titled-Tuesday-Blitz-February-27-2024"]
[Site "Chess.com"]
[Date "2024.02.27"]
[Round "4"]
[White "Piotrek1979"]
[Black "MatyChess1"]
[Result "0-1"]
[WhiteElo "2452"]
[BlackElo "2662"]
[TimeControl "180+1"]
[EndTime "14:40:21 PST"]
[Termination "MatyChess1 won on time"]

1. Nf3 d5 2. b3 f6 3. Bb2 e5 4. d4 e4 5. Nfd2 f5 6. e3 Nf6 7.
c4 c6 8. Be2 Bd6 9. Ba3 O-O 10.
Qc1 Be6 11. Bxd6 Qxd6 12. Qa3 Qc7 13. g3 Nbd7 14. Nc3 a6 15. Rc1 Qb8 16. cxd5 Nxd5 17.
Na4 f4 18. gxf4 Nxf4 19. exf4 Qxf4 20. Kd1 Rad8 21. Nc3 Nf6 22. Kc2 Bf5 23. Bc4+ Kh8 24.
Ne2 Qh6 25. Ng3 Bg6 26. Kc3 b5 27.
Be2 e3 28. Nf3 exf2 29. Kb2 Nd5 30. Qc5 Qe3 31. Rc3 Nxc3 32. Qxc3 Qf4 33. Rf1 c5 34.
dxc5 b4 0-1

[Event "Late-Titled-Tuesday-Blitz-February-27-2024"]
[Site "Chess.com"]
[Date "2024.02.27"]
[Round "4"]
[White "1977Ivan"]
[Black "jaskol95"]
[Result "1-0"]
[WhiteElo "2743"]
[BlackElo "2549"]
[TimeControl "180+1"]
[EndTime "14:40:22 PST"]
[Termination "1977Ivan won by resignation"]

1. d4 d5 2. c4 e5 3. dxe5 d4 4. Nf3 Nc6 5. Nbd2 Nge7 6. Nb3 Ng6 7. Nbxd4 Ngxe5 8. Nxe5 Nxe5 9. e3 Bc5 10. Be2 O-O 11. O-O a5 12. b3 b6 13. Bb2 Bb7 14. f4 Ng6 15. Bf3 Bxf3 16. Qxf3 Re8 17. Rad1 Qf6 18.
Ba1 Rad8 19. Kh1 Bxd4 20. exd4 Nh4 21. Qg4 Nf5 22. d5 Qg6 23. Qxg6 hxg6 24. Rfe1 f6 25. g3 Kf7 26. Kg1 Ne3 27. Rc1 Re4 28. h3 Rde8 29.
Kf2 g5 30. fxg5 fxg5 31. Kf3 Kg6 32. Bd4 Nxc4 33. Rxe4 Nd2+ 34. Ke2 Nxe4 35. Kd3 Nd6 36. Rxc7 Nf5 37. g4 Nxd4 38. Kxd4 Re1 39. d6 Kf6 40.
Kd5 Rd1+ 41. Kc6 Ke6 42. Re7+ Kf6 43. Re2 Rc1+ 44. Kxb6 Rd1 45. Kc7 Rd5 46. d7 1-0

[Event "Late-Titled-Tuesday-Blitz-February-27-2024"]
[Site "Chess.com"]
[Date "2024.02.27"]
[Round "4"]
[White "chessdjw"]
[Black "MITerryble"]
[Result "0-1"]
[WhiteElo "2759"]
[BlackElo "3022"]
[TimeControl "180+1"]
[EndTime "14:40:23 PST"]
[Termination "MITerryble won by checkmate"]

1. d4 e6 2. c4 Bb4+ 3. Nd2 Nf6 4. a3 Be7 5. e4 d6 6. Bd3 O-O 7. Ne2 e5 8. d5 a5 9. O-O Nbd7 10. Nc3 Nc5 11.
Bc2 Bg4 12. f3 Bd7 13. b3 Nh5 14. g3 g6 15. Rf2 f5 16. exf5 gxf5 17. f4 Qe8 18. Nf1 exf4 19. gxf4 Bf6 20. Bb2 Kh8 21. Qd2 Rg8+ 22. Rg2 Rxg2+ 23. Kxg2 Qg6+ 24. Ng3 Rg8 25. Qf2 Qg4 26. Rf1 Qh4 27. b4 axb4 28. axb4 Na6 29. Bd1 Ng7 30. Na2 Re8 31. Kh1 b5 32. c5 c6 33.
cxd6 cxd5 34. Rg1 d4 35. Bf3 Qxf4 36. Ne2 Qe3 37. Qxe3 Rxe3 38. Nxd4 Rxf3 39. Nxf3 Bxb2 40. Ng5 Bc6+ 41. Rg2 Kg8 42. Kg1 Bd4+ 43. Kf1 Bxg2+ 44.
Kxg2 Nb8 45. Nf3 Bf6 46. Kf2 Ne8 47. Ke3 Nxd6 48. Kf4 Kf7 49. h4 h6 50. h5 Ke6 51.
Nc1 Nc6 52. Nd3 Nc4 53. Nc5+ Kf7 54. Kxf5 Nxb4 55. Ne4 Bg7 56. Kf4 Nd5+ 57. Kf5 Nce3# 0-1

[Event "Late-Titled-Tuesday-Blitz-February-27-2024"]
[Site "Chess.com"]
[Date "2024.02.27"]
[Round "4"]
[White "picturesquecheck"]
[Black "arenal72"]
[Result "0-1"]
[WhiteElo "2421"]
[BlackElo "2620"]
[TimeControl "180+1"]
[EndTime "14:40:23 PST"]
[Termination "arenal72 won by resignation"]

1. e4 Nc6 2. d4 d5 3. e5 Bf5 4.
c3 Qd7 5. Nf3 f6 6. Bb5 a6 7.
Bxc6 Qxc6 8. O-O O-O-O 9. Re1 g5 10. Na3 h5 11. Nc2 h4 12. Ne3 Bd7 13. h3 Bg7 14. Qb3 Be6 15. Nc2 Nh6 16. Nb4 Qb6 17.
exf6 exf6 18. Nd3 Qxb3 19. axb3 Rhe8 20. Bd2 Bf5 21. Nc5 Nf7 22. b4 Kb8 23. Be3 Nd6 24.
Nd2 Bf8 25. f3 Re7 26. Bf2 Rde8 27. Rxe7 Rxe7 28. Re1 Rxe1+ 29. Bxe1 Ka7 30. Ncb3 b6 31. Nc1 Kb7 32. Kf2 Kc6 33. Ke3 Nb5 34. Nd3 Bd6 35.
Nf1 Na7 36. Bd2 Nc8 37. f4 g4 38. hxg4 Bxg4 39. Nh2 Bf5 40. Nf2 Ne7 41. Kf3 Kb5 42. Nhg4 Kc4 43. Nxf6 Kb3 44. Nxd5 Nxd5 45. Nh3 Kxb2 46.
Be1 Bxh3 47. gxh3 Nxf4 48. Bxh4 Nxh3 49. c4 Bxb4 50. Bd8 Bd6 51. Ke4 Kc3 52. Kd5 Nf4+ 53.
Kc6 Kxc4 54. d5 Nxd5 0-1

[Event "Late-Titled-Tuesday-Blitz-February-27-2024"]
[Site "Chess.com"]
[Date "2024.02.27"]
[Round "4"]
[White "MiguelEduardoGB"]
[Black "Sjakkerntobi"]
[Result "0-1"]
[WhiteElo "2153"]
[BlackElo "2459"]
[TimeControl "180+1"]
[EndTime "14:40:23 PST"]
[Termination "Sjakkerntobi won on time"]

1. e4 e6 2. b3 d5 3. Bb2 a6 4. exd5 exd5 5. Nf3 Nf6 6. Be2 Bd6 7. O-O O-O 8. d4 Bf5 9. Nbd2 Nbd7 10.
c4 c6 11. Ne5 Re8 12. f4 Ne4 13. Nxe4 Bxe4 14. Bh5 g6 15. Bf3 Nf6 16. c5 Bf8 17.
Rc1 Bh6 18. g3 Bxf3 19. Qxf3 Ne4 20. Rcd1 Qc8 21. f5 Qxf5 22. Qxf5 gxf5 23. Rxf5 f6 24. Ng4 Bg7 25. Rdf1 Kf7 26. Bc1 Kg6 27. Kg2 h5 28. Ne3 Nc3 29. R1f2 Re6 30. g4 hxg4 31. Nxg4 Rae8 32. h4 Re2 33. h5+ Kf7 34. Ne5+ Kg8 35. Nd7 Rxf2+ 36. Rxf2 Re2 37. Bf4 Rxf2+ 38. Kxf2 Kf7 39.
h6 Bh8 40. a4 Kg6 41. Kf3 Ne4 42. Nb6 Ng5+ 43. Kg4 f5+ 44. Kg3 Ne6 45. Nc8 Bxd4 46. Nd6 Nxc5 47. b4 Ne4+ 48. Nxe4 fxe4 0-1

[Event "Late-Titled-Tuesday-Blitz-February-27-2024"]
[Site "Chess.com"]
[Date "2024.02.27"]
[Round "4"]
[White "igorknyazev"]
[Black "carloseduar100"]
[Result "1-0"]
[WhiteElo "2210"]
[BlackElo "2375"]
[TimeControl "180+1"]
[EndTime "14:40:23 PST"]
[Termination "igorknyazev won by checkmate"]

1. e4 e6 2. d4 d5 3. Nd2 Nf6 4. e5 Nfd7 5. f4 c5 6. c3 Nc6 7.
Ne2 cxd4 8. Nxd4 Ndxe5 9. fxe5 Nxd4 10. cxd4 Qh4+ 11. g3 Qxd4 12. Bb5+ Bd7 13. Bxd7+ Kxd7 14. Nf3 Bb4+ 15. Kf1 Qe4 16. Qe2 Qxe2+ 17. Kxe2 Rac8 18.
Bd2 Rc2 19. Rhc1 Rxb2 20. Rab1 Rxb1 21. Rxb1 Bxd2 22. Nxd2 b6 23. Rc1 f6 24. Nf3 h6 25.
Kd3 Rb8 26. a4 b5 27. Rb1 b4 28. Kd4 a5 29. Rc1 b3 30. Kc3 Rb4 31. Rb1 Rxa4 32. Rxb3 Rc4+ 33. Kd3 Ke7 34. Rb7+ Kf8 35. Nd4 fxe5 36.
Nxe6+ Kg8 37. Rxg7+ Kh8 38. Ra7 e4+ 39. Ke3 Ra4 40. Nf4 Ra2 41. Nxd5 Rxh2 42. Nf6 Re2+ 43.
Kxe2 h5 44. Rh7# 1-0

[Event "Late-Titled-Tuesday-Blitz-February-27-2024"]
[Site "Chess.com"]
[Date "2024.02.27"]
[Round "4"]
[White "HajiyevKanan"]
[Black "fidetrainerNET"]
[Result "0-1"]
[WhiteElo "2477"]
[BlackElo "2380"]
[TimeControl "180+1"]
[EndTime "14:40:24 PST"]
[Termination "fidetrainerNET won on time"]

1. d4 Nf6 2. Nf3 g6 3. g3 Bg7 4. Bg2 O-O 5. O-O b6 6. b3 Bb7 7. Bb2 d5 8. e3 Nbd7 9. Nbd2 c5 10. a4 cxd4 11. exd4 Rc8 12. Re1 h6 13. Ne5 Nxe5 14.
dxe5 Nd7 15. f4 e6 16. h4 Rc7 17. h5 g5 18. c4 gxf4 19. gxf4 Qh4 20. cxd5 Bxd5 21.
Bxd5 exd5 22. Qf3 Rc2 23. Bc1 Rfc8 24. Rf1 Nc5 25. Qh1 Qg4+ 26. Qg2 Qxh5 27. Qf3 Qg6+ 28. Qg2 Nd3 29. Qxg6 fxg6 30. a5 Rxc1 31. axb6 axb6 32. Kg2 Rxa1 33. Rxa1 Nxf4+ 34. Kf3 Nd3 35. Ra6 Nxe5+ 36. Ke2 Re8 37. Kd1 Nd7 38. Ra7 Re7 39. Kc2 h5 40.
Nf3 Bf6 41. Ne1 g5 42. Nd3 g4 43. Nf4 Nc5 44. Ra8+ Kf7 45. Nxd5 g3 46. Nxe7 Bxe7 47. b4 Ne6 48. Kd3 Bxb4 49. Ke4 Bc5 50. Kf3 h4 51. Rh8 Ng5+ 52. Kg2 h3+ 53. Kxg3 Bd6+ 54. Kg4 Kg7 55. Rd8 h2 56. Rd7+ Nf7 0-1

[Event "Late-Titled-Tuesday-Blitz-February-27-2024"]
[Site "Chess.com"]
[Date "2024.02.27"]
[Round "4"]
[White "KaydenTroffChess"]
[Black "FabianoCaruana"]
[Result "0-1"]
[WhiteElo "2809"]
[BlackElo "3055"]
[TimeControl "180+1"]
[EndTime "14:40:25 PST"]
[Termination "FabianoCaruana won by resignation"]

1. d4 Nf6 2. Nf3 d6 3. Nc3 Bf5 4. g3 g6 5. Bg2 c6 6. O-O Bg7 7. Re1 d5 8. Nh4 Be6 9. b3 O-O 10. Bb2 Nbd7 11. e4 dxe4 12. Nxe4 Nxe4 13. Bxe4 Bd5 14.
Qe2 e6 15. Rad1 Qa5 16. a3 Rfe8 17. Bd3 c5 18. Bb5 Bc6 19. Bxc6 bxc6 20. c4 cxd4 21. Bxd4 e5 22. Bb2 Qc7 23. Nf3 e4 24. Ng5 Nc5 25.
Bxg7 Kxg7 26. Qe3 Qe5 27. Nf3 Qh5 28. Qc3+ Kg8 29. Nh4 Nd3 30. Rf1 Ne5 31. Qe3 g5 32.
f4 Ng4 33. Qe2 gxh4 34. h3 Nf6 35. g4 Qc5+ 36. Kh2 e3 37. g5 Ne4 38. Qg4 e2 39. Qxe2 Ng3 40. Qf3 Nxf1+ 41. Rxf1 Qe3 42. Qg4 Qe2+ 43. Qxe2 Rxe2+ 44. Kg1 Rae8 0-1

[Event "Late-Titled-Tuesday-Blitz-February-27-2024"]
[Site "Chess.com"]
[Date "2024.02.27"]
[Round "4"]
[White "Seochesspie"]
[Black "Maikrosoft63"]
[Result "1-0"]
[WhiteElo "2895"]
[BlackElo "2607"]
[TimeControl "180+1"]
[EndTime "14:40:25 PST"]
[Termination "Seochesspie won on time"]

1. d4 Nf6 2. c4 e6 3. Nf3 b6 4. g3 Bb7 5. Bg2 Be7 6. O-O O-O 7. Re1 d5 8. Ne5 Na6 9. Nc3 Qc8 10. cxd5 exd5 11.
Bg5 Qe6 12. Nd3 Rfd8 13. Nf4 Qf5 14. Bxf6 Bxf6 15. Nfxd5 c6 16. Nxf6+ Qxf6 17. e3 Rd7 18. Qg4 Rad8 19. a3 c5 20. Bxb7 Rxb7 21. d5 Re7 22. e4 g6 23. Rad1 h5 24. Qe2 Nb8 25. f4 Nd7 26. e5 Qf5 27. d6 Ree8 28. Nd5 Kg7 29. Ne7 Qe6 30. b4 cxb4 31. axb4 a5 32.
bxa5 bxa5 33. Qb5 Rb8 34. Qxa5 Rb2 35. Qd5 Qh3 36. Rd2 Reb8 37. e6 Nf6 38. Qd4 Rxd2 39. Qxd2 fxe6 40. Nc6 Rb7 41. Ne5 Rb8 42. Nc6 Rb7 43.
Nd8 Rd7 44. Nxe6+ Kg8 45. Nc5 Rd8 46. d7 Qf5 47. Qd4 Kh7 48. Re7+ Kh6 49. Qe5 Qb1+ 50. Kg2 Qc2+ 51. Kh3 Qf5+ 52. Qxf5 gxf5 53. Kg2 Kg6 54. Kf3 Ra8 55. Re6 Kf7 56. Rd6 1-0